 Dungeon Crawl Stone Soup version 0.20.1-1-g8b1a95d (webtiles) character file.

2239 vatarom the Insei (level 9, -18/85 HPs)
             Began as a White Draconian Transmuter on Sept 20, 2017.
             Was an Elder of Ru.
             Demolished by Exporg's ghost (35 damage)
             ... on level 7 of the Dungeon.
             The game lasted 00:18:39 (8098 turns).

vatarom the Insei (White Draconian Transmuter)      Turns: 8098, Time: 00:18:40

Health: -18/85     AC:  6    Str: 16    XL:     9   Next: 14%
Magic:  14/16      EV: 11    Int: 14    God:    Ru [****..]
Gold:   278        SH:  0    Dex: 14    Spells: 8/18 levels left

rFire    x . .     SeeInvis .     - Unarmed
rCold    + + +     Gourm    .   (shield currently unavailable)
rNeg     + . .     Faith    .   (armour unavailable)
rPois    +         Spirit   .   (helmet currently unavailable)
rElec    .         Reflect  .   (cloak currently unavailable)
rCorr    .         Harm     .   (gloves currently unavailable)
MR       .....                  (boots currently unavailable)
Stlth    +.........             o - amulet of magic regeneration
Regen    0.3/turn               t - ring of positive energy (curse)
MPRegen  0.3/turn               y - +3 ring of strength

@: ice-form
A: (breathe frost), unfitting armour, screaming 1, unskilled 1, inexperienced 1,
missing an eye, AC +7
a: End Transformation, Draw Out Power, Power Leap, Renounce Religion


You were on level 7 of the Dungeon.
You worshipped Ru.
Ru was greatly pleased with you.
You were not hungry.
You were a creature of crystalline ice.
You visited 2 branches of the dungeon, and saw 8 of its levels.

You collected 278 gold pieces.

Inventory:

Missiles
 a - 103 arrows
 j - 19 poisoned needles
Armour
 A - a +0 pair of gloves (melded)
Jewellery
 d - an uncursed ring of magical power
 m - a +3 ring of evasion
 o - an amulet of magic regeneration (around neck)
 t - a cursed ring of positive energy (left front paw)
 y - a +3 ring of strength (right front paw)
Wands
 h - a wand of confusion (42/48)
 n - a wand of flame (21/48)
 x - a wand of lightning (5/15)
Scrolls
 e - 2 scrolls of recharging
 k - 2 scrolls of identify
 l - 3 scrolls of magic mapping
 v - a scroll of fog
 w - 3 scrolls of enchant weapon
 z - a scroll of enchant armour
Potions
 f - 4 potions of curing
 i - a potion of resistance
 q - a potion of invisibility
 s - 3 potions of might
 u - a potion of berserk rage {unknown}
Books
 b - a book of Changes

   Spells                             Type                      Level
   a - Beastly Appendage              Transmutation                1
   b - Sticks to Snakes               Transmutation                2
   c - Spider Form                    Transmutation/Poison         3
   d - Ice Form                       Ice/Transmutation            4
   e - Blade Hands                    Transmutation                5
 p - a book of Minor Magic

   Spells                             Type                      Level
   a - Magic Dart                     Conjuration                  1
   b - Blink                          Translocation                2
   c - Call Imp                       Summoning                    2
   d - Slow                           Hexes                        2
   e - Conjure Flame                  Conjuration/Fire             3
   f - Mephitic Cloud                 Conjuration/Poison/Air       3
Comestibles
 c - 4 bread rations
 g - 7 royal jellies
 r - 5 meat rations
 B - a chunk of flesh


   Skills:
 + Level 4.3 Fighting
 + Level 3.7 Dodging
 * Level 6.6 Unarmed Combat
 - Level 5.0 Spellcasting
 - Level 6.1 Transmutations
 - Level 4.4 Ice Magic


You had 8 spell levels left.
You knew the following spells:

 Your Spells              Type           Power        Failure   Level  Hunger
a - Beastly Appendage     Tmut           ###...       1%          1    None
b - Sticks to Snakes      Tmut           ###.....     1%          2    ##.....
c - Spider Form           Tmut/Pois      ##........   14%         3    ###....
d - Ice Form              Ice/Tmut       ###.....     19%         4    ####...


Dungeon Overview and Level Annotations

Branches:
Dungeon (7/15)             Temple (1/1) D:6

Altars:
Ashenzari
Elyvilon
Fedhas
Gozag
Hepliaklqana
Kikubaaqudgha
Makhleb
Nemelex Xobeh
Okawaru
Ru
Sif Muna
Vehumet
Yredelemnul
Zin
The Shining One

Shops:
D:4 [

Annotations:
D:3 Stiffzip's ghost, novice MfGl
D:6 Scuka's ghost, novice MiFi
D:7 Exporg's ghost, novice OgBe


Innate Abilities, Weirdness & Mutations

((You can breathe waves of freezing cold.))
((You can buffet flying creatures when you breathe cold.))
((Your icy white scales are hard. (AC +7)))
You cannot fit into any form of body armour.
((Your flesh is cold resistant. (rC+)))
((You are cold-blooded and may be slowed by cold attacks.))
You are somewhat unskilled. (-1 Apt)
You are somewhat inexperienced. (-2 XL)
You are missing an eye, making it more difficult to aim.
((You have a beak for a mouth.))
You occasionally shout uncontrollably at your foes.


Message History

You kill the adder!
You see here a bullfrog corpse.
You butcher the bullfrog corpse.
B - a chunk of flesh Magic restored.
Key pressed, stopping explore.
Exporg's ghost is nearby!
Casting: Ice Form
Confirm with . or Enter, or press ? or * to list all spells.
You extend your transformation's duration.
Exporg's ghost turns its malevolent gaze towards you.
There is a stone staircase leading up, spattered with blood here.
You punch Exporg's ghost! You freeze Exporg's ghost.
Exporg's ghost is lightly damaged.
Exporg's ghost hits you!!! Exporg's ghost hits you!!
* * * LOW HITPOINT WARNING * * *
There is a stone staircase leading up, spattered with blood here.
Exporg's ghost hits you!!
You die...

#.#######.### ######.##.#.#
#.............#..)...#..#.#
#####.#.#####.#......#.##.#
#.#.##...........#.##.######
#.........#................#
#........>#.....##....(###.#
###......###.........###.###.##
##.##.########W....##.# #.......
##.#.#.#####...#Y..###.###.###..#
#)###.........<##.##.........#..#
.## ##?#####...##.##.#..........#
.####### #...##.##.##...##.##.#
.#..#..# #...##.......#.......#
.#..#..# #...#####.##.####.####
.#..'.[# #...# #.##.# #.####
.#..#..#####...#####.##.####.##..
.#..#..#...................#.##..


You could see Exporg's ghost.

Vanquished Creatures
  A hippogriff (D:7)
  A human (D:7)
  4 hogs (D:7)
  2 ice beasts
  A sky beast (D:7)
  An orc warrior (D:7)
  A black bear (D:6)
  4 ogres
  A bullfrog (D:7)
  4 scorpions
  2 howler monkeys (D:7)
  A crimson imp (D:6)
  A quasit (D:7)
  A centaur zombie (D:6)
  2 orc priests (D:5)
  2 hounds
  5 orc wizards
  2 bullfrog skeletons (D:4)
  2 iguanas (D:4)
  4 worker ants (D:4)
  A hound skeleton (D:5)
  A worker ant zombie (D:6)
  A howler monkey skeleton (D:4)
  13 adders
  An adder zombie (D:2)
  An adder skeleton (D:2)
  7 worms
  2 dart slugs
  7 leopard geckos
  22 orcs
  A ball python (D:2)
  A bat skeleton (D:2)
  5 giant cockroaches
  5 hobgoblins
  4 kobolds
  A quokka (D:4)
  7 bats
  5 frilled lizards
  3 goblins
  A jackal skeleton (D:4)
  2 jackal zombies (D:2)
  2 leopard gecko skeletons
  12 rats
147 creatures vanquished.

Vanquished Creatures (collateral kills)
  A worker ant (D:3)
  A worm (D:2)
2 creatures vanquished.

Vanquished Creatures (others)
  An iguana (D:4)
1 creature vanquished.

Grand Total: 150 creatures vanquished

Notes
Turn   | Place    | Note
-------+----------+-------------------------------------------
     0 | D:1      | vatarom the Draconian Transmuter began the quest for the Orb.
     0 | D:1      | Reached XP level 1. HP: 16/16 MP: 3/3
   402 | D:1      | Reached XP level 2. HP: 15/23 MP: 5/5
  1071 | D:2      | Reached XP level 3. HP: 25/29 MP: 6/6
  1083 | D:2      | Learned a level 2 spell: Sticks to Snakes
  1087 | D:2      | Learned a level 3 spell: Spider Form
  1152 | D:2      | Found a sacrificial altar of Ru.
  1157 | D:2      | Became a worshipper of Ru the Awakened
  1488 | D:2      | Reached XP level 4. HP: 31/36 MP: 7/7
  2578 | D:3      | Reached XP level 5. HP: 18/42 MP: 8/8
  2905 | D:3      | Noticed Stiffzip's ghost (novice MfGl)
  3321 | D:4      | Reached skill level 5 in Unarmed Combat
  3350 | D:4      | Gained mutation: You are somewhat unskilled. (-1 Apt) [Ru sacrifice]
  3350 | D:4      | Reduced skill Spellcasting to level 1
  3350 | D:4      | Reduced skill Transmutations to level 1
  3350 | D:4      | Reached * piety under Ru
  3427 | D:4      | Reached XP level 6. HP: 51/51 MP: 8/8
  3434 | D:4      | Found Langaj's Armour Shop.
  3687 | D:4      | Reached skill level 5 in Unarmed Combat
  3810 | D:4      | Found an iron altar of Okawaru.
  3974 | D:4      | Your scales start taking on an icy white colour.
  3974 | D:4      | Reached XP level 7. HP: 55/58 MP: 9/9
  3974 | D:4      | Gained mutation: Your flesh is cold resistant. (rC+) [White Draconian growth]
  4357 | D:4      | Gained mutation: You are clumsy. (Dex -2) [potion of mutation]
  4357 | D:4      | Gained mutation: You have a pair of small antennae on your head. [potion of mutation]
  4513 | D:5      | Entered Level 5 of the Dungeon
  5317 | D:6      | Lost mutation: You are clumsy. (Dex -2) [potion of mutation]
  5317 | D:6      | Lost mutation: You have a pair of small antennae on your head. [potion of mutation]
  5317 | D:6      | Gained mutation: You occasionally shout uncontrollably at your foes. [potion of mutation]
  5317 | D:6      | Gained mutation: You have a beak for a mouth. [potion of mutation]
  5336 | D:6      | Found Cuajosost's Gadget Boutique.
  5380 | D:6      | Gained mutation: You are somewhat inexperienced. (-2 XL) [Ru sacrifice]
  5380 | D:6      | Reached XP level 6. HP: 52/52 MP: 8/8
  5380 | D:6      | Reached XP level 5. HP: 46/46 MP: 7/7
  5380 | D:6      | Reached ** piety under Ru
  5380 | D:6      | Reached *** piety under Ru
  5481 | D:6      | Noticed an ogre
  5488 | D:6      | Killed an ogre
  5488 | D:6      | Reached XP level 6. HP: 44/52 MP: 1/8
  5551 | D:6      | Reached skill level 5 in Transmutations
  5565 | D:6      | Found a shattered altar of Ashenzari.
  5566 | D:6      | Found a radiant altar of Vehumet.
  5672 | D:6      | Found a staircase to the Ecumenical Temple.
  5705 | D:6      | Reached XP level 7. HP: 59/59 MP: 5/9
  5716 | Temple   | Entered the Ecumenical Temple
  5977 | D:6      | Noticed Scuka's ghost (novice MiFi)
  6047 | D:7      | Noticed Exporg's ghost (novice OgBe)
  6630 | D:7      | Noticed a hippogriff
  6649 | D:7      | Killed a hippogriff
  6649 | D:7      | Reached XP level 8. HP: 40/66 MP: 7/14
  6995 | D:6      | Reached skill level 5 in Spellcasting
  7028 | D:6      | Learned a level 4 spell: Ice Form
  7204 | D:7      | Reached skill level 1 in Ice Magic
  7291 | D:7      | Found a glowing golden altar of the Shining One.
  7295 | D:7      | Found a white marble altar of Elyvilon.
  7314 | D:7      | Found a basalt altar of Yredelemnul.
  7576 | D:7      | Reached XP level 9. HP: 8/71 MP: 16/16
  7608 | D:7      | Noticed a profane servitor
  8045 | D:7      | Gained mutation: You are missing an eye, making it more difficult to aim. [Ru sacrifice]
  8045 | D:7      | Reached **** piety under Ru
  8098 | D:7      | Demolished by Exporg's ghost

Skill      XL: |  1  2  3  4  5  6  7  8 |
---------------+-------------------------+-----
Dodging        | 2 3 |  3.7
Fighting       | 2 3 4 |  4.3
Unarmed Combat | 4 4 5 6 |  6.6
Spellcasting   | 1 4 5 |  5.0
Transmutations | 4 5 6 |  6.1
Ice Magic      | 4 |  4.4

Action                   |  1- 3 |  4- 6 |  7- 9 || total
-------------------------+-------+-------+-------++-------
Melee: Unarmed           |   129 |   285 |   219 ||   633
       Kick              |    13 |     7 |       ||    20
       Tailslap          |    13 |    27 |     5 ||    45
       Headbutt          |     3 |    11 |       ||    14
       Punch             |       |     4 |     3 ||     7
       Peck              |       |     4 |     5 ||     9
 Fire: Blowgun           |       |     4 |       ||     4
 Cast: Beastly Appendage |    15 |    17 |       ||    32
       Sticks to Snakes  |       |     7 |       ||     7
       Spider Form       |       |    10 |    15 ||    25
       Ice Form          |       |       |     2 ||     2
Invok: Sacrifice Experie |       |     1 |       ||     1
       Sacrifice Skill   |       |     1 |       ||     1
       Sacrifice an Eye  |       |       |     1 ||     1
 Abil: Breathe Frost     |       |       |     4 ||     4
Evoke: Wand              |       |     1 |     3 ||     4
  Use: Scroll            |     3 |     6 |     7 ||    16
       Potion            |     5 |     2 |     5 ||    12
 Stab: Sleeping          |       |     2 |       ||     2
       Distracted        |       |       |     2 ||     2
       Invisible         |       |       |     2 ||     2
  Eat: Chunk             |     2 |     8 |     6 ||    16
       Meat ration       |       |     1 |       ||     1
       Bread ration      |       |       |     2 ||     2
Armor: Skin              |    43 |    47 |    34 ||   124
Dodge: Dodged            |    91 |   224 |   161 ||   476
